 Dungeon Crawl Stone Soup version 0.19.3-4-gbf9329e (webtiles) character file.

214 Megalobster the Conjurer (level 5, -8/28 HPs)
             Began as a Deep Elf Conjurer on Jan 30, 2017.
             Mangled by an ice beast (11 damage)
             ... on level 3 of the Dungeon.
             The game lasted 00:08:43 (2597 turns).

Megalobster the Conjurer (Deep Elf Conjurer)        Turns: 2597, Time: 00:08:44

Health: -8/28      AC:  3    Str:  5    XL:     5   Next: 60%
Magic:  16/23      EV: 12    Int: 21    God:
Gold:   81         SH:  3    Dex: 15    Spells: 4 memorised, 2 levels left

rFire  . . .     SeeInvis .     A - +0 rapier (curse)
rCold  . . .     Gourm    .     a - +0 robe
rNeg   . . .     Faith    .     l - +0 buckler
rPois  .         Spirit   .     (no helmet)
rElec  .         Reflect  .     n - +0 cloak
rCorr  .         Harm     .     (no gloves)
MR     .....                    (no boots)
Stlth  ++........               s - amulet of regeneration
                                (no ring)
                                q - ring of magical power

@: no status effects
A: no striking features
a: no special abilities


You were on level 3 of the Dungeon.
You were not hungry.

You visited 1 branch of the dungeon, and saw 3 of its levels.

You collected 81 gold pieces.

Inventory:

Hand Weapons
 f - a +2 vampiric dagger
 g - a +0 club
 m - a +0 hand axe
 A - a cursed +0 rapier (weapon)
 C - a +4 battleaxe
Missiles
 j - 9 stones (quivered)
Armour
 a - a +0 robe (worn)
 l - a +0 buckler (worn)
 n - a +0 cloak (worn)
 D - a +0 robe
 E - a +0 robe
Jewellery
 q - a ring of magical power (left hand)
 s - an amulet of regeneration (around neck)
Scrolls
 h - a scroll of enchant weapon {unknown}
 k - 3 scrolls of identify {unknown}
 o - a scroll of amnesia {unknown}
 p - 3 scrolls of recharging {unknown}
 t - a scroll of random uselessness {unknown}
 w - a scroll of teleportation {unknown}
 y - a scroll of immolation {unknown}
 B - a scroll of fog {unknown}
 F - a scroll of enchant armour {unknown}
Potions
 e - 2 potions of lignification {unknown}
 i - 2 potions of haste {unknown}
 x - a potion of curing {unknown}
 z - a potion of might {unknown}
 G - a potion of invisibility {unknown}
Books
 b - a book of Conjurations

   Spells                             Type                      Level
   a - Magic Dart                     Conjuration                  1
   b - Searing Ray                    Conjuration                  2
   c - Dazzling Spray                 Conjuration/Hexes            3
   d - Fulminant Prism                Conjuration/Hexes            4
   e - Iskenderun's Mystic Blast      Conjuration                  4
   f - Iskenderun's Battlesphere      Conjuration/Charms           5
Comestibles
 c - 2 bread rations
 d - 3 fruits
 r - 11 chunks of flesh
 u - a slice of pizza
 v - 2 meat rations


   Skills:
 - Level 2.4 Dodging
 - Level 2.4 Stealth
 + Level 4.8 Spellcasting
 * Level 6.7 Conjurations
 * Level 1.3 Charms


You had 2 spell levels left.
You knew the following spells:

 Your Spells              Type           Power        Failure   Level  Hunger
a - Magic Dart            Conj           ####         1%          1    None
b - Searing Ray           Conj           ####..       1%          2    None
c - Dazzling Spray        Conj/Hex       ###...       14%         3    ##.....
d - Iskenderun's Battles  Conj/Chrm      ###.....     90%         5    #####..


Dungeon Overview and Level Annotations

Branches:
Dungeon (3/15)

Altars:


Message History

The ice beast closely misses you.
The searing ray hits the ice beast.
The ice beast is severely wounded.
You finish channeling your searing ray.
The ice beast barely misses you.
Casting: Searing Ray
Confirm with . or Enter, or press ? or * to list all spells.
Aiming: Searing Ray
Press: ? - help, Shift-Dir - straight line, f/p - ice beast
Aim: an ice beast (severely wounded)
The searing ray hits the ice beast.
The ice beast is almost dead. (Press . to maintain the ray.)
The ice beast hits you. The ice beast freezes you!
* * * LOW HITPOINT WARNING * * *
The searing ray hits the ice beast.
The ice beast is almost dead.
The ice beast hits you.
* * * LOW HITPOINT WARNING * * *
The ice beast freezes you!
You die...

###....## ####......##
..#........# ### #
..#........# #..
.###.#........# ###
....#........#
#!.##......## #
#..###....## ##
#.Y@.#.#### ######.
.......###..## ##......
....... #..)# ...##...
....... #...............
....$....[.....[.........
........#................
................<###.....
.........................
...##......##....#...


You could see an ice beast.

Vanquished Creatures
  3 wights (D:3)
  2 adders
  A worm (D:2)
  4 dart slugs
  9 bats
  12 giant cockroaches
  7 goblins
  5 hobgoblins
  3 jackals (D:1)
  5 frilled lizards
  5 kobolds
  4 rats
60 creatures vanquished.

Notes
Turn   | Place    | Note
-------+----------+-------------------------------------------
     0 | D:1      | Megalobster the Deep Elf Conjurer began the quest for the Orb.
     0 | D:1      | Reached XP level 1. HP: 10/10 MP: 6/6
   324 | D:1      | Reached XP level 2. HP: 15/15 MP: 5/8
   506 | D:1      | Learned a level 2 spell: Searing Ray
   771 | D:1      | Reached skill level 5 in Conjurations
  1268 | D:1      | Reached XP level 3. HP: 19/19 MP: 8/10
  1577 | D:2      | Learned a level 3 spell: Dazzling Spray
  2026 | D:3      | Reached skill level 6 in Conjurations
  2026 | D:3      | Reached XP level 4. HP: 24/24 MP: 12/12
  2031 | D:3      | Reached XP level 5. HP: 21/28 MP: 9/13
  2153 | D:3      | Learned a level 5 spell: Iskenderun's Battlesphere
  2313 | D:3      | Found a faded altar of an unknown god.
  2389 | D:3      | Reached skill level 1 in Charms
  2588 | D:3      | Noticed an ice beast
  2597 | D:3      | Mangled by an ice beast

Skill      XL: |  1  2  3  4  5 |
---------------+----------------+-----
Conjurations   | 5 6 |  6.7
Spellcasting   | 4 |  4.8
Charms         | 1 |  1.3
Dodging        | |  2.4
Stealth        | |  2.4

Action                   |  1- 3 |  4- 6 || total
-------------------------+-------+-------++-------
Melee: Club              |     1 |       ||     1
       Rapier            |       |     1 ||     1
 Cast: Magic Dart        |    76 |    23 ||    99
       Searing Ray       |     4 |    12 ||    16
  Eat: Chunk             |     3 |     2 ||     5
Armor: Robe              |     3 |     1 ||     4
Dodge: Dodged            |     7 |     7 ||    14
Block: Buckler           |     1 |       ||     1
